 Dungeon Sprint DCSS version 0.23-a0-860-g8ff03fb (webtiles) character file.

93 gruber the Charmwright (level 4, -1/39 HPs)
             Began as a Gnoll Skald on Jan 27, 2019.
             Slain by a shadow imp (4 damage)
             ... in the Dungeon (Sprint IX: "|||||||||||||||||||||||||||||").
             The game lasted 00:00:30 (94 turns).

gruber the Charmwright (Gnoll Skald)                  Turns: 94, Time: 00:00:31

Health: -1/39      AC:  3    Str: 14    XL:     4   Next: 62%
Magic:  0/11       EV: 15    Int: 15    God:
Gold:   0          SH:  0    Dex: 15    Spells: 13/14 levels left

rFire    . . .     SeeInvis .   a - +0 mace
rCold    . . .     Gourm    .   (no shield)
rNeg     . . .     Faith    .   b - +0 leather armour
rPois    .         Spirit   .   (no helmet)
rElec    .         Reflect  .   (no cloak)
rCorr    .         Harm     .   (no gloves)
MR       .....     NoTele   +   (no boots)
Stlth    ++........             (no amulet)
HPRegen  0.13/turn              (no ring)
MPRegen  0.12/turn              (no ring)

@: infused (expiring)
A: distributed training, fangs 1, strong nose
a: no special abilities


You were in the Dungeon.
You were not hungry.

You visited 1 branch

Inventory:

Hand Weapons
 a - a +0 mace (weapon)
Armour
 b - a +0 leather armour (worn)
Scrolls
 j - a scroll of blinking
Potions
 e - a potion of curing
 f - a potion of heal wounds
 g - a potion of haste
 h - 2 potions of magic
 i - a potion of berserk rage
Comestibles
 d - a ration


   Skills:
 + Level 5.4 Fighting
 + Level 2.8 Short Blades
 + Level 2.8 Long Blades
 + Level 2.8 Axes
 + Level 5.4 Maces & Flails
 + Level 2.8 Polearms
 + Level 2.8 Staves
 + Level 2.8 Slings
 + Level 2.8 Bows
 + Level 2.8 Crossbows
 + Level 2.8 Throwing
 + Level 3.8 Armour
 + Level 5.4 Dodging
 + Level 2.8 Stealth
 + Level 2.8 Shields
 + Level 2.8 Unarmed Combat
 + Level 5.8 Spellcasting
 + Level 2.2 Conjurations
 + Level 2.2 Hexes
 + Level 5.9 Charms
 + Level 2.2 Summonings
 + Level 2.2 Necromancy
 + Level 2.2 Translocations
 + Level 2.2 Transmutations
 + Level 2.2 Fire Magic
 + Level 2.2 Ice Magic
 + Level 2.2 Air Magic
 + Level 2.2 Earth Magic
 + Level 2.2 Poison Magic
 + Level 3.1 Invocations
 + Level 2.8 Evocations


You had 13 spell levels left.
You knew the following spells:

 Your Spells              Type           Power        Failure   Level  Hunger
a - Infusion              Chrm           ###.         1%          1    None

Your spell library contained the following spells:

 Spells                   Type           Power        Failure   Level  Hunger
 Song of Slaying          Chrm           ###.....     2%          2    #......
 Shroud of Golubria       Chrm/Tloc      ###.......   5%          2    #......
 Regeneration             Chrm/Necr      ###.......   11%         3    ###....
 Spectral Weapon          Hex/Chrm       ###.....     11%         3    ###....


Dungeon Overview and Level Annotations

Branches:
Dungeon (1/1)

Altars:


Innate Abilities, Weirdness & Mutations

Your experience applies equally to all skills.
You have very sharp teeth.
Your uncanny sense of smell can sniff out nearby items.


Message History

Your Invocations skill gained 2 levels and is now at level 3!
Your Evocations skill increases to level 2!
You have reached level 3!
Your experience leads to an increase in your attributes!
Increase (S)trength, (I)ntelligence, or (D)exterity?
You feel stronger.
You have reached level 4!
You feel agile.
You closely miss the shadow imp. The shadow imp barely misses you.
You hit the shadow imp.
The shadow imp is heavily wounded.
The shadow imp hits you but does no damage.
You closely miss the shadow imp.
The shadow imp is heavily wounded.
Your magical infusion is running out.
The shadow imp misses you.
You hit the shadow imp.
The shadow imp is severely wounded.
The shadow imp hits you.
You die...

▓.▓
▓.▓
▓.▓
▓†▓
▓)▓
▓.▓
▓.▓
▓.▓
∆
▓@▓
∆
▓5▓
∆
▓.▓
∆
▓.▓
∆
▓.▓
∆
▓.▓
∆
▓.▓
∆
▓+▓
∆


You could see a shadow imp.

Vanquished Creatures
  A centaur (D)
  An adder zombie (D)
  A leopard gecko (D)
  A goblin (D)
  A bat (D)
  A frilled lizard (D)
  3 rats (D)
9 creatures vanquished.

Notes
Turn   | Place    | Note
-------+----------+-------------------------------------------
     0 | D        | gruber the Gnoll Skald began the quest for the Orb.
     0 | D        | Reached XP level 1. HP: 20/20 MP: 6/6
    10 | D        | Reached skill level 5 in Spellcasting
    65 | D        | Noticed a centaur
    72 | D        | Reached skill level 1 in Short Blades
    72 | D        | Reached skill level 1 in Long Blades
    72 | D        | Reached skill level 1 in Axes
    72 | D        | Reached skill level 1 in Polearms
    72 | D        | Reached skill level 1 in Staves
    72 | D        | Reached skill level 1 in Slings
    72 | D        | Reached skill level 1 in Bows
    72 | D        | Reached skill level 1 in Crossbows
    72 | D        | Reached skill level 1 in Throwing
    72 | D        | Reached skill level 1 in Stealth
    72 | D        | Reached skill level 1 in Shields
    72 | D        | Reached skill level 1 in Unarmed Combat
    72 | D        | Reached skill level 1 in Invocations
    72 | D        | Reached skill level 1 in Evocations
    72 | D        | Reached XP level 2. HP: 18/26 MP: 2/8
    77 | D        | Reached skill level 1 in Conjurations
    77 | D        | Reached skill level 1 in Hexes
    77 | D        | Reached skill level 1 in Summonings
    77 | D        | Reached skill level 1 in Necromancy
    77 | D        | Reached skill level 1 in Translocations
    77 | D        | Reached skill level 1 in Transmutations
    77 | D        | Reached skill level 1 in Fire Magic
    77 | D        | Reached skill level 1 in Ice Magic
    77 | D        | Reached skill level 1 in Air Magic
    77 | D        | Reached skill level 1 in Earth Magic
    77 | D        | Reached skill level 1 in Poison Magic
    89 | D        | HP: 1/26 [centaur (2)]
    90 | D        | Killed a centaur
    90 | D        | Reached skill level 5 in Fighting
    90 | D        | Reached skill level 5 in Maces & Flails
    90 | D        | Reached skill level 5 in Dodging
    90 | D        | Reached XP level 3. HP: 2/33 MP: 0/10
    90 | D        | Reached XP level 4. HP: 2/39 MP: 0/11
    94 | D        | Slain by a shadow imp

Vault maps used:
D:        linesprint

Skill      XL: |  1  2 |
---------------+-------+-----
Spellcasting   | 5 |  5.8
Short Blades   | 1 2 |  2.8
Long Blades    | 1 2 |  2.8
Axes           | 1 2 |  2.8
Polearms       | 1 2 |  2.8
Staves         | 1 2 |  2.8
Slings         | 1 2 |  2.8
Bows           | 1 2 |  2.8
Crossbows      | 1 2 |  2.8
Throwing       | 1 2 |  2.8
Stealth        | 1 2 |  2.8
Shields        | 1 2 |  2.8
Unarmed Combat | 1 2 |  2.8
Invocations    | 1 3 |  3.1
Evocations     | 1 2 |  2.8
Conjurations   | 2 |  2.2
Hexes          | 2 |  2.2
Summonings     | 2 |  2.2
Necromancy     | 2 |  2.2
Translocations | 2 |  2.2
Transmutations | 2 |  2.2
Fire Magic     | 2 |  2.2
Ice Magic      | 2 |  2.2
Air Magic      | 2 |  2.2
Earth Magic    | 2 |  2.2
Poison Magic   | 2 |  2.2
Fighting       | 5 |  5.4
Maces & Flails | 5 |  5.4
Armour         | 3 |  3.8
Dodging        | 5 |  5.4
Charms         | |  5.9

Action                   |  1- 3 |  4- 6 || total
-------------------------+-------+-------++-------
Melee: Mace              |    42 |     4 ||    46
       Bite              |     4 |       ||     4
 Cast: Infusion          |     1 |       ||     1
Armor: Leather armour    |    12 |     1 ||    13
Dodge: Dodged            |    43 |     2 ||    45

Table legend:
 A = Non-vault XP
 B = Vault XP
 C = Vault XP percentage of total XP
 D = Non-vault monster count
 E = Vault monster count
 F = Vault count percentage of total count
                 A         B        C        D         E       F
            +---------+---------+-------+---------+---------+-------
      Total |       0 |     134 | 100.0 |       0 |       9 | 100.0
            +---------+---------+-------+---------+---------+-------
          D |       0 |     134 | 100.0 |       0 |       9 | 100.0
            +---------+---------+-------+---------+---------+-------
